Jets vs Kings
Created - December 9, 2023 at 07:47
Goals
|
| Jets |
1 |
2 |
0 |
3 |
| Kings |
1 |
0 |
1 |
2 |
|
Shots
|
| Jets |
7 |
13 |
9 |
29 |
| Kings |
6 |
16 |
9 |
31 |
|
1st period
1. Jets , Viktor Arvidsson 8 (Max Domi 11) at 16:24
2. Kings , Nikita Kucherov 8 (Brayden Schenn 8, Philip Samuelsson 8) at 17:00
Penalties :
Matthew Tkachuk (L.A) for Tripping (Minor) at 0:55, Quinn Hughes (L.A) for Holding (Minor) at 5:20, Matthew Tkachuk (L.A) for Hooking (Minor) at 8:14, Philip Samuelsson (L.A) for Roughing (Minor) at 19:26
2nd period
3. Jets , Tyler Seguin 5 (Max Domi 12, Alex Galchenyuk 15) at 6:34
4. Jets , Dougie Hamilton 4 (Anthony Mantha 17, Viktor Arvidsson 8) at 12:29
Penalties :
Adam Fox (L.A) for High sticking (Minor) at 16:36, Nathan Walker (Win) for Cross-checking (Minor) at 19:46
3rd period
5. Kings , Chris Kreider 14 (Quinn Hughes 9, Pavel Zacha 3) at 10:46
Penalties :
Jared Cowen (L.A) for Roughing (Double Minor) at 3:18, Erik Cernak (Win) for Hooking (Minor) at 14:35
Goalie Stats
Jacob Markstrom (Win), 29 saves from 31 shots - (0.935), W, 10-8-2, 60:00 minutes
Carter Hutton (L.A), 26 saves from 29 shots - (0.897), L, 2-1-0, 60:00 minutes
Players Stats for Jets
Player Name G A P +/- PIM S H SB GA TA FO MP PP MP PK MP
------------------------------------------------------------------------------------
Adam Larsson 0 0 0 1 0 0 1 3 0 1 0/0 12:46 0:00 2:35
Alex Galchenyuk 0 1 1 1 0 1 2 1 0 0 0/0 19:49 7:12 0:49
Alexander Wennberg 0 0 0 0 0 4 0 0 0 0 8/15 14:30 0:15 2:26
Anthony Mantha 0 1 1 1 0 1 0 0 0 0 1/1 20:27 6:25 2:26
Dougie Hamilton 1 0 1 2 0 4 2 2 2 1 0/0 29:34 7:49 2:35
Erik Cernak 0 0 0 -2 2 0 0 0 0 1 0/0 12:15 0:00 0:34
Frank Vatrano 0 0 0 -1 0 1 0 1 0 0 0/0 8:39 0:20 0:43
Marco Scandella 0 0 0 1 0 0 1 2 2 1 0/0 12:02 0:00 1:23
Max Domi 0 2 2 1 0 1 1 1 0 0 8/14 17:57 6:43 0:00
Nathan Walker 0 0 0 -1 2 0 0 0 0 0 0/0 7:23 0:17 0:00
Noel Acciari 0 0 0 -1 0 0 2 0 0 0 0/0 7:52 0:00 0:43
Ryan Johansen 0 0 0 1 0 1 0 0 0 0 7/15 18:22 6:36 0:00
Ryan Murray 0 0 0 2 0 1 3 1 0 0 0/0 27:02 7:49 0:00
Sam Reinhart 0 0 0 0 0 2 0 1 2 1 0/0 18:14 6:05 0:00
Troy Stetcher 0 0 0 -2 0 1 1 0 1 0 0/0 19:13 6:05 0:49
Tyler Seguin 1 0 1 1 0 2 1 1 0 0 1/1 17:57 6:43 0:00
Tyler Toffoli 0 0 0 0 0 5 2 1 0 0 0/0 18:52 6:51 0:00
Viktor Arvidsson 1 1 2 1 0 5 0 1 0 0 1/3 13:06 0:20 0:49
Players Stats for Kings
Player Name G A P +/- PIM S H SB GA TA FO MP PP MP PK MP
------------------------------------------------------------------------------------
Aaron Ekblad 0 0 0 0 0 2 1 1 0 0 0/0 23:13 1:12 6:31
Adam Fox 0 0 0 0 2 2 2 1 1 0 0/0 17:27 2:46 0:33
Auston Matthews 0 0 0 0 0 1 1 0 0 0 8/15 14:41 2:47 0:00
Brayden Schenn 0 1 1 0 0 1 1 0 0 0 7/10 17:03 1:11 2:11
Chris Kreider 1 0 1 0 0 5 3 0 0 0 0/1 20:57 1:12 7:16
Jared Cowen 0 0 0 0 4 0 1 0 0 2 0/0 18:43 0:00 4:46
Joe Pavelski 0 0 0 0 0 2 1 1 0 1 4/10 17:28 0:00 7:19
Marc Staal 0 0 0 -1 0 1 2 1 0 1 0/0 19:39 0:00 7:23
Matthew Tkachuk 0 0 0 0 4 1 1 2 0 0 1/1 13:19 1:11 0:00
Mitch Marner 0 0 0 0 0 4 1 0 0 0 0/2 16:20 2:47 0:00
Nikita Kucherov 1 0 1 0 0 3 0 0 1 0 0/0 16:20 2:47 0:00
Pavel Zacha 0 1 1 0 0 0 0 0 0 0 0/0 12:23 1:11 1:18
Philip Samuelsson 0 1 1 0 2 2 0 0 0 0 0/0 20:34 0:00 5:04
Pierre-Edouard Bellemare 0 0 0 0 0 3 3 0 1 1 3/8 15:05 0:00 4:52
Quinn Hughes 0 1 1 -1 2 2 0 0 2 1 0/0 19:06 2:46 3:31
Ryan Getzlaf 0 0 0 -1 0 0 0 0 0 0 0/1 6:13 0:00 0:00
Sean Bergenheim 0 0 0 -1 0 1 0 1 0 1 0/1 6:13 0:00 0:00
Zac Rinaldo 0 0 0 -1 0 1 1 1 0 0 0/0 11:16 0:00 4:52
3 Stars
1 - Dougie Hamilton (Win)
2 - Viktor Arvidsson (Win)
3 - Max Domi (Win)
Power Play
Jets - 0 on 7 Attempt(s) - 0.00%
Kings - 0 on 2 Attempt(s) - 0.00%
Penalty Kill
Jets - 2 on 2 Attempt(s) - 100.00%
- Score 0 goal in Penalty Kill
Kings - 7 on 7 Attempt(s) - 100.00%
- Score 0 goal in Penalty Kill
Team Stat
Jets - Hits : 16 - Faceoff Wins : 26 - Blocked Shots : 15 - Penalty Minutes : 4
Kings - Hits : 18 - Faceoff Wins : 23 - Blocked Shots : 8 - Penalty Minutes : 14
Official
Referees : Francois St. Laurent and Brian Pochmara
Linesman : Brandon Gawryletz and Trent Knorr
Game Notes
15:43 of 2nd period - Kings goal is going for a video replay. After video review, No Goal. The attacking player has interfered with a goalkeeper in his goal crease.
Finance
Level 1 -- Attendance: 6000 (100.00%) -- Ticket Income $600,000
Level 2 -- Attendance: 4752 (95.04%) -- Ticket Income $285,120
Level 3 -- Attendance: 2000 (100.00%) -- Ticket Income $70,000
Level 4 -- Attendance: 4000 (100.00%) -- Ticket Income $100,000
Luxury Box -- Attendance: 952 (95.20%) -- Ticket Income $190,400
Game was played at the Staples Center.
Total Attendance: 17704 (98.36%)
Total Ticket Income: $1,245,520
Other Income: $186,828
Total Income: $1,432,348
Jets
5 vs 5 Forward
Center Left Wing Right Wing Time % Phy DF OF
1 Ryan Johansen Anthony Mantha Viktor Arvidsson 35 1 2 2
2 Max Domi Alex Galchenyuk Tyler Seguin 32 1 2 2
3 Alexander Wennberg Tyler Toffoli Sam Reinhart 28 1 2 2
4 Noel Acciari Nathan Walker Frank Vatrano 5 1 2 2
5 vs 5 Defense
Defense Defense Time % Phy DF OF
1 Ryan Murray Dougie Hamilton 40 1 2 2
2 Adam Larsson Marco Scandella 30 1 2 2
3 Erik Cernak Troy Stetcher 30 1 2 2
4 Adam Larsson Dougie Hamilton 0 1 2 2
PowerPlay Forward
Center Left Wing Right Wing Time % Phy DF OF
1 Ryan Johansen Alex Galchenyuk Tyler Toffoli 55 0 0 5
2 Max Domi Anthony Mantha Tyler Seguin 45 0 0 5
PowerPlay Defense
Defense Defense Time % Phy DF OF
1 Ryan Murray Dougie Hamilton 60 0 1 4
2 Sam Reinhart Troy Stetcher 40 0 1 4
Penalty Kill 4 Players Forward
Center Wing Time % Phy DF OF
1 Alexander Wennberg Anthony Mantha 60 1 2 2
2 Noel Acciari Frank Vatrano 40 1 2 2
Penalty Kill 4 Players Defense
Defense Defense Time % Phy DF OF
1 Adam Larsson Dougie Hamilton 60 1 3 1
2 Erik Cernak Marco Scandella 40 1 3 1
Penalty Kill - 3 Players Forward
Forward Time % Phy DF OF
1 Ryan Johansen 60 0 4 1
2 Noel Acciari 40 0 4 1
Penalty Kill - 3 Players Defense
Defense Defense Time % Phy DF OF
1 Adam Larsson Dougie Hamilton 60 1 4 0
2 Erik Cernak Marco Scandella 40 1 4 0
4 vs 4 Forward
Center Wing Time % Phy DF OF
1 Ryan Johansen Alex Galchenyuk 60 1 2 2
2 Max Domi Tyler Seguin 40 1 2 2
4 vs 4 Defense
Defense Defense Time % Phy DF OF
1 Ryan Murray Dougie Hamilton 60 1 2 2
2 Troy Stetcher Marco Scandella 40 1 2 2
Last Minutes Offensive
Center Left Wing Right Wing Defense Defense
Ryan Johansen Alex Galchenyuk Tyler Seguin Ryan Murray Dougie Hamilton
Last Minutes Defensive
Center Left Wing Right Wing Defense Defense
Ryan Johansen Anthony Mantha Tyler Toffoli Adam Larsson Marco Scandella
Goaltenders
Starting : Jacob Markstrom
Backup : Elvis Merzlikins
Extra Forwards
Normal : Viktor Arvidsson, Anthony Mantha, Alexander Wennberg - PP : Viktor Arvidsson, Anthony Mantha - PK : Viktor Arvidsson
Extra Defensemen
Normal : Marco Scandella, Troy Stetcher, Ryan Murray - PP : Marco Scandella - PK : Marco Scandella, Troy Stetcher
Penalty Shots
Tyler Seguin, Alex Galchenyuk, Ryan Johansen, Tyler Toffoli, Viktor Arvidsson
Custom OT Lines Forwards
Tyler Seguin, Alex Galchenyuk, Ryan Johansen, Tyler Toffoli, Viktor Arvidsson, Anthony Mantha, Alexander Wennberg, Max Domi, Sam Reinhart, Frank Vatrano
Custom OT Lines Defensemen
Ryan Murray, Dougie Hamilton, Marco Scandella, Adam Larsson, Troy Stetcher
Scratches
None
Kings
5 vs 5 Forward
Center Left Wing Right Wing Time % Phy DF OF
1 Brayden Schenn Nikita Kucherov Mitch Marner 35 0 1 4
2 Auston Matthews Chris Kreider Matthew Tkachuk 35 1 1 3
3 Pierre-Edouard Bellemare Pavel Zacha Joe Pavelski 29 1 2 2
4 Ryan Getzlaf Zac Rinaldo Sean Bergenheim 1 3 2 0
5 vs 5 Defense
Defense Defense Time % Phy DF OF
1 Philip Samuelsson Aaron Ekblad 35 1 3 1
2 Jared Cowen Adam Fox 35 1 2 2
3 Marc Staal Quinn Hughes 30 1 2 2
4 Quinn Hughes Jared Cowen 0 1 2 2
PowerPlay Forward
Center Left Wing Right Wing Time % Phy DF OF
1 Auston Matthews Nikita Kucherov Mitch Marner 60 0 0 5
2 Brayden Schenn Pavel Zacha Matthew Tkachuk 40 0 0 5
PowerPlay Defense
Defense Defense Time % Phy DF OF
1 Quinn Hughes Adam Fox 70 0 1 4
2 Aaron Ekblad Chris Kreider 30 0 1 4
Penalty Kill 4 Players Forward
Center Wing Time % Phy DF OF
1 Joe Pavelski Chris Kreider 60 1 2 2
2 Pierre-Edouard Bellemare Zac Rinaldo 40 1 2 2
Penalty Kill 4 Players Defense
Defense Defense Time % Phy DF OF
1 Marc Staal Jared Cowen 60 1 2 2
2 Philip Samuelsson Aaron Ekblad 40 1 2 2
Penalty Kill - 3 Players Forward
Forward Time % Phy DF OF
1 Pierre-Edouard Bellemare 60 1 2 2
2 Joe Pavelski 40 1 2 2
Penalty Kill - 3 Players Defense
Defense Defense Time % Phy DF OF
1 Marc Staal Jared Cowen 60 1 2 2
2 Philip Samuelsson Aaron Ekblad 40 1 2 2
4 vs 4 Forward
Center Wing Time % Phy DF OF
1 Brayden Schenn Nikita Kucherov 60 1 2 2
2 Auston Matthews Chris Kreider 40 1 2 2
4 vs 4 Defense
Defense Defense Time % Phy DF OF
1 Aaron Ekblad Philip Samuelsson 60 1 2 2
2 Jared Cowen Adam Fox 40 1 2 2
Last Minutes Offensive
Center Left Wing Right Wing Defense Defense
Brayden Schenn Chris Kreider Nikita Kucherov Aaron Ekblad Adam Fox
Last Minutes Defensive
Center Left Wing Right Wing Defense Defense
Brayden Schenn Chris Kreider Matthew Tkachuk Marc Staal Jared Cowen
Goaltenders
Starting : Carter Hutton
Backup : Alexandar Georgiev
Extra Forwards
Normal : Pierre-Edouard Bellemare, Brayden Schenn, Auston Matthews - PP : Joe Pavelski, Sean Bergenheim - PK : Brayden Schenn
Extra Defensemen
Normal : Aaron Ekblad, Jared Cowen, Marc Staal - PP : Jared Cowen - PK : Quinn Hughes, Adam Fox
Penalty Shots
Nikita Kucherov, Auston Matthews, Chris Kreider, Brayden Schenn, Pavel Zacha
Custom OT Lines Forwards
Chris Kreider, Nikita Kucherov, Brayden Schenn, Auston Matthews, Joe Pavelski, Sean Bergenheim, Pierre-Edouard Bellemare, Mitch Marner, Pavel Zacha, Matthew Tkachuk
Custom OT Lines Defensemen
Aaron Ekblad, Jared Cowen, Philip Samuelsson, Marc Staal, Adam Fox
Scratches
Jared Spurgeon (Healthy), Tanner Richard (Healthy)
% Time on Ice - Jets
Lines # - Real PCT - Wanted PCT - Time Play
Normal Forward
1 - 29% - 35% - 12:10
2 - 27% - 32% - 11:20
3 - 27% - 28% - 11:35
4 - 17% - 5% - 7:03
Normal Defense
1 - 46% - 40% - 19:29
2 - 26% - 30% - 10:59
3 - 28% - 30% - 11:40
4 - 0% - 0% - 0:00
PP Forward
1 - 50% - 55% - 6:54
2 - 50% - 45% - 7:00
PP Defense
1 - 56% - 60% - 7:49
2 - 44% - 40% - 6:05
PK Forward
1 - 82% - 60% - 3:15
2 - 18% - 40% - 0:43
PK Defense
1 - 65% - 60% - 2:35
2 - 35% - 40% - 1:23
PK3 Forward
1 - 0% - 60%
2 - 0% - 40%
PK3 Defense
1 - 0% - 60%
2 - 0% - 40%
44 Forward
1 - 0% - 60%
2 - 0% - 40%
44 Defense
1 - 0% - 60%
2 - 0% - 40%
Last Minute Offensive - 0:00
Last Minute Defensive - 0:00
Total
Forward - 60:00
Defense - 60:00
|
% Time on Ice - Kings
Lines # - Real PCT - Wanted PCT - Time Play
Normal Forward
1 - 33% - 35% - 13:44
2 - 29% - 35% - 12:09
3 - 24% - 29% - 10:02
4 - 15% - 1% - 6:13
Normal Defense
1 - 37% - 35% - 15:45
2 - 34% - 35% - 14:31
3 - 28% - 30% - 11:52
4 - 0% - 0% - 0:00
PP Forward
1 - 70% - 60% - 2:47
2 - 30% - 40% - 1:11
PP Defense
1 - 70% - 70% - 2:46
2 - 30% - 30% - 1:12
PK Forward
1 - 65% - 60% - 9:02
2 - 35% - 40% - 4:52
PK Defense
1 - 55% - 60% - 7:41
2 - 45% - 40% - 6:13
PK3 Forward
1 - 0% - 60%
2 - 0% - 40%
PK3 Defense
1 - 0% - 60%
2 - 0% - 40%
44 Forward
1 - 0% - 60%
2 - 0% - 40%
44 Defense
1 - 0% - 60%
2 - 0% - 40%
Last Minute Offensive - 0:00
Last Minute Defensive - 0:00
Total
Forward - 60:00
Defense - 60:00
|
Play-by-Play
1st period
0:01 of 1st period - Brayden Schenn wins face-off versus Ryan Johansen in neutral zone.
0:28 of 1st period - Snap shot by Matthew Tkachuk.
0:28 of 1st period - Stopped by Jacob Markstrom with a rebound.
0:30 of 1st period - Slapshot by Adam Fox.
0:30 of 1st period - Stopped by Jacob Markstrom without a rebound.
0:31 of 1st period - Pierre-Edouard Bellemare wins face-off versus Max Domi in Jets zone.
0:32 of 1st period - Wrist shot by Joe Pavelski.
0:32 of 1st period - Shot Misses the Net.
0:38 of 1st period - Wrist shot by Max Domi.
0:38 of 1st period - Deflect By Tyler Seguin.
0:38 of 1st period - Shot Misses the Net.
0:38 of 1st period - Puck is out of play.
0:39 of 1st period - Alexander Wennberg wins face-off versus Pierre-Edouard Bellemare in Kings zone.
0:42 of 1st period - Snap shot by Sam Reinhart.
0:42 of 1st period - Deflect By Tyler Toffoli.
0:42 of 1st period - Stopped by Carter Hutton without a rebound.
0:43 of 1st period - Auston Matthews wins face-off versus Alexander Wennberg in Kings zone.
0:48 of 1st period - Slapshot by Alexander Wennberg.
0:48 of 1st period - Shot Misses the Net.
0:50 of 1st period - Wrist shot by Erik Cernak.
0:50 of 1st period - Shot Blocked by Matthew Tkachuk.
0:55 of 1st period - Minor Penalty to Matthew Tkachuk for Tripping.
0:56 of 1st period - Joe Pavelski wins face-off versus Ryan Johansen in Kings zone.
1:50 of 1st period - Sam Reinhart is hit by Chris Kreider and loses puck.
2:55 of 1st period - Penalty to Matthew Tkachuk is over, Matthew Tkachuk is back on ice.
3:33 of 1st period - Adam Larsson is hit by Chris Kreider and loses puck.
3:45 of 1st period - Icing by Ryan Johansen.
3:46 of 1st period - Alexander Wennberg wins face-off versus Ryan Getzlaf in Jets zone.
4:26 of 1st period - Slapshot by Jared Cowen.
4:26 of 1st period - Shot Blocked by Viktor Arvidsson.
4:30 of 1st period - Snap shot by Joe Pavelski.
4:30 of 1st period - Stopped by Jacob Markstrom with a rebound.
5:12 of 1st period - Snap shot by Alex Galchenyuk.
5:12 of 1st period - Shot Misses the Net.
5:20 of 1st period - Minor Penalty to Quinn Hughes for Holding.
5:21 of 1st period - Ryan Johansen wins face-off versus Joe Pavelski in Kings zone.
6:16 of 1st period - Philip Samuelsson is hit by Alex Galchenyuk and loses puck.
6:43 of 1st period - Jared Cowen is hit by Tyler Toffoli and loses puck.
7:20 of 1st period - Penalty to Quinn Hughes is over, Quinn Hughes is back on ice.
8:14 of 1st period - Minor Penalty to Matthew Tkachuk for Hooking.
8:15 of 1st period - Max Domi wins face-off versus Joe Pavelski in Kings zone.
8:16 of 1st period - Slapshot by Tyler Seguin.
8:16 of 1st period - Stopped by Carter Hutton with a rebound.
8:52 of 1st period - Snap shot by Ryan Johansen.
8:52 of 1st period - Shot Hit the Post.
9:32 of 1st period - Aaron Ekblad is hit by Tyler Seguin and loses puck.
10:14 of 1st period - Penalty to Matthew Tkachuk is over, Matthew Tkachuk is back on ice.
10:42 of 1st period - Snap shot by Sam Reinhart.
10:42 of 1st period - Shot Misses the Net.
11:56 of 1st period - Ryan Murray is hit by Auston Matthews and loses puck.
12:07 of 1st period - Wrist shot by Joe Pavelski.
12:07 of 1st period - Stopped by Jacob Markstrom with a rebound.
12:09 of 1st period - Snap shot by Pavel Zacha.
12:09 of 1st period - Shot Blocked by Frank Vatrano.
12:21 of 1st period - Tyler Toffoli is hit by Jared Cowen and loses puck.
12:26 of 1st period - Snap shot by Brayden Schenn.
12:26 of 1st period - Shot Misses the Net.
12:44 of 1st period - Adam Larsson is hit by Joe Pavelski and loses puck.
13:59 of 1st period - Erik Cernak is hit by Brayden Schenn and loses puck.
14:25 of 1st period - Off-side.
14:26 of 1st period - Pierre-Edouard Bellemare wins face-off versus Alexander Wennberg in neutral zone.
14:29 of 1st period - Alexander Wennberg is hit by Pierre-Edouard Bellemare and loses puck.
14:34 of 1st period - Slapshot by Pierre-Edouard Bellemare.
14:34 of 1st period - Shot Blocked by Dougie Hamilton.
14:36 of 1st period - Snap shot by Pierre-Edouard Bellemare.
14:36 of 1st period - Deflect By Joe Pavelski.
14:36 of 1st period - Deflect By Tyler Toffoli.
14:36 of 1st period - Shot Blocked by Dougie Hamilton.
14:36 of 1st period - Puck is out of play.
14:37 of 1st period - Matthew Tkachuk wins face-off versus Viktor Arvidsson in Jets zone.
14:52 of 1st period - Wrist shot by Chris Kreider.
14:52 of 1st period - Stopped by Jacob Markstrom without a rebound.
14:53 of 1st period - Max Domi wins face-off versus Pierre-Edouard Bellemare in Jets zone.
16:24 of 1st period - Wrist shot by Viktor Arvidsson.
16:24 of 1st period - Goal by Viktor Arvidsson - Jets : 1 - Kings : 0.
16:25 of 1st period - Max Domi wins face-off versus Auston Matthews in neutral zone.
17:00 of 1st period - Slapshot by Nikita Kucherov.
17:00 of 1st period - Goal by Nikita Kucherov - Jets : 1 - Kings : 1.
17:01 of 1st period - Max Domi wins face-off versus Pierre-Edouard Bellemare in neutral zone.
17:41 of 1st period - Slapshot by Dougie Hamilton.
17:41 of 1st period - Stopped by Carter Hutton with a rebound.
18:07 of 1st period - Ryan Johansen is hit by Aaron Ekblad and loses puck.
18:28 of 1st period - Wrist shot by Ryan Murray.
18:28 of 1st period - Shot Blocked by Adam Fox.
19:10 of 1st period - Snap shot by Viktor Arvidsson.
19:10 of 1st period - Shot Misses the Net.
19:20 of 1st period - Wrist shot by Ryan Johansen.
19:20 of 1st period - Stopped by Carter Hutton with a rebound.
19:22 of 1st period - Snap shot by Dougie Hamilton.
19:22 of 1st period - Stopped by Carter Hutton without a rebound.
19:23 of 1st period - Alexander Wennberg wins face-off versus Mitch Marner in Kings zone.
19:24 of 1st period - Wrist shot by Tyler Toffoli.
19:24 of 1st period - Stopped by Carter Hutton with a rebound.
19:26 of 1st period - Minor Penalty to Philip Samuelsson for Roughing.
19:27 of 1st period - Joe Pavelski wins face-off versus Alexander Wennberg in Kings zone.
19:40 of 1st period - Joe Pavelski is hit by Troy Stetcher and loses puck.
Goals for this period are 1 for Jets vs 1 for Kings.
Shots for this period are 7 for Jets vs 6 for Kings.
2nd period
0:01 of 2nd period - Ryan Johansen wins face-off versus Joe Pavelski in neutral zone.
0:36 of 2nd period - Slapshot by Dougie Hamilton.
0:36 of 2nd period - Stopped by Carter Hutton with a rebound.
0:56 of 2nd period - Wrist shot by Max Domi.
0:56 of 2nd period - Stopped by Carter Hutton with a rebound.
0:58 of 2nd period - Wrist shot by Tyler Seguin.
0:58 of 2nd period - Shot Blocked by Zac Rinaldo.
1:00 of 2nd period - Slapshot by Dougie Hamilton.
1:00 of 2nd period - Shot Misses the Net.
1:19 of 2nd period - Icing by Ryan Murray.
1:20 of 2nd period - Max Domi wins face-off versus Joe Pavelski in Jets zone.
1:25 of 2nd period - Wrist shot by Ryan Johansen.
1:25 of 2nd period - Shot Misses the Net.
1:26 of 2nd period - Penalty to Philip Samuelsson is over, Philip Samuelsson is back on ice.
1:27 of 2nd period - Slapshot by Ryan Murray.
1:27 of 2nd period - Stopped by Carter Hutton without a rebound.
1:28 of 2nd period - Brayden Schenn wins face-off versus Ryan Johansen in Kings zone.
1:33 of 2nd period - Brayden Schenn is hit by Alex Galchenyuk and loses puck.
2:19 of 2nd period - Slapshot by Quinn Hughes.
2:19 of 2nd period - Stopped by Jacob Markstrom without a rebound.
2:20 of 2nd period - Alexander Wennberg wins face-off versus Pierre-Edouard Bellemare in Jets zone.
2:20 of 2nd period - Alexander Wennberg is hit by Marc Staal.
2:32 of 2nd period - Backhand shot by Tyler Toffoli.
2:32 of 2nd period - Shot Hit the Post.
2:34 of 2nd period - Wrist shot by Tyler Toffoli.
2:34 of 2nd period - Stopped by Carter Hutton without a rebound.
2:35 of 2nd period - Auston Matthews wins face-off versus Max Domi in Kings zone.
2:35 of 2nd period - Auston Matthews is hit by Ryan Murray.
2:50 of 2nd period - Snap shot by Max Domi.
2:50 of 2nd period - Shot Misses the Net.
2:52 of 2nd period - Slapshot by Max Domi.
2:52 of 2nd period - Deflect By Tyler Seguin.
2:52 of 2nd period - Shot Misses the Net.
2:52 of 2nd period - Puck is out of play.
2:53 of 2nd period - Brayden Schenn wins face-off versus Alexander Wennberg in Kings zone.
3:08 of 2nd period - Snap shot by Nikita Kucherov.
3:08 of 2nd period - Stopped by Jacob Markstrom with a rebound.
3:10 of 2nd period - Snap shot by Brayden Schenn.
3:10 of 2nd period - Shot Blocked by Sam Reinhart.
3:24 of 2nd period - Off-side.
3:25 of 2nd period - Auston Matthews wins face-off versus Max Domi in neutral zone.
3:40 of 2nd period - Wrist shot by Chris Kreider.
3:40 of 2nd period - Shot Misses the Net.
4:20 of 2nd period - Wrist shot by Sean Bergenheim.
4:20 of 2nd period - Stopped by Jacob Markstrom with a rebound.
4:22 of 2nd period - Slapshot by Quinn Hughes.
4:22 of 2nd period - Shot Misses the Net.
4:24 of 2nd period - Wrist shot by Sean Bergenheim.
4:24 of 2nd period - Shot Blocked by Marco Scandella.
5:20 of 2nd period - Snap shot by Alexander Wennberg.
5:20 of 2nd period - Stopped by Carter Hutton without a rebound.
5:21 of 2nd period - Alexander Wennberg wins face-off versus Auston Matthews in Kings zone.
5:32 of 2nd period - Snap shot by Troy Stetcher.
5:32 of 2nd period - Stopped by Carter Hutton with a rebound.
5:34 of 2nd period - Wrist shot by Tyler Toffoli.
5:34 of 2nd period - Stopped by Carter Hutton with a rebound.
5:38 of 2nd period - Slapshot by Sam Reinhart.
5:38 of 2nd period - Shot Misses the Net.
5:48 of 2nd period - Backhand shot by Auston Matthews.
5:48 of 2nd period - Stopped by Jacob Markstrom without a rebound.
5:49 of 2nd period - Tyler Seguin wins face-off versus Brayden Schenn in Jets zone.
5:56 of 2nd period - Snap shot by Brayden Schenn.
5:56 of 2nd period - Stopped by Jacob Markstrom without a rebound.
5:57 of 2nd period - Brayden Schenn wins face-off versus Ryan Johansen in Jets zone.
6:32 of 2nd period - Wrist shot by Max Domi.
6:32 of 2nd period - Shot Misses the Net.
6:34 of 2nd period - Wrist shot by Tyler Seguin.
6:34 of 2nd period - Goal by Tyler Seguin - Jets : 2 - Kings : 1.
6:35 of 2nd period - Brayden Schenn wins face-off versus Ryan Johansen in neutral zone.
6:38 of 2nd period - Slapshot by Philip Samuelsson.
6:38 of 2nd period - Shot Misses the Net.
6:40 of 2nd period - Wrist shot by Mitch Marner.
6:40 of 2nd period - Stopped by Jacob Markstrom without a rebound.
6:41 of 2nd period - Brayden Schenn wins face-off versus Ryan Johansen in Jets zone.
6:54 of 2nd period - Slapshot by Mitch Marner.
6:54 of 2nd period - Stopped by Jacob Markstrom without a rebound.
6:55 of 2nd period - Auston Matthews wins face-off versus Max Domi in Jets zone.
7:04 of 2nd period - Slapshot by Chris Kreider.
7:04 of 2nd period - Shot Blocked by Tyler Seguin.
7:08 of 2nd period - Wrist shot by Chris Kreider.
7:08 of 2nd period - Shot Blocked by Alex Galchenyuk.
7:10 of 2nd period - Slapshot by Philip Samuelsson.
7:10 of 2nd period - Stopped by Jacob Markstrom with a rebound.
7:20 of 2nd period - Philip Samuelsson is hit by Dougie Hamilton and loses puck.
9:39 of 2nd period - Snap shot by Joe Pavelski.
9:39 of 2nd period - Shot Misses the Net.
10:03 of 2nd period - Snap shot by Matthew Tkachuk.
10:03 of 2nd period - Deflect By Chris Kreider.
10:03 of 2nd period - Stopped by Jacob Markstrom with a rebound.
11:23 of 2nd period - Snap shot by Alex Galchenyuk.
11:23 of 2nd period - Shot Blocked by Joe Pavelski.
11:35 of 2nd period - Snap shot by Zac Rinaldo.
11:35 of 2nd period - Stopped by Jacob Markstrom without a rebound.
11:36 of 2nd period - Viktor Arvidsson wins face-off versus Sean Bergenheim in Jets zone.
11:47 of 2nd period - Snap shot by Marc Staal.
11:47 of 2nd period - Stopped by Jacob Markstrom without a rebound.
11:48 of 2nd period - Max Domi wins face-off versus Auston Matthews in Jets zone.
11:59 of 2nd period - Ryan Murray is hit by Marc Staal and loses puck.
12:25 of 2nd period - Snap shot by Viktor Arvidsson.
12:25 of 2nd period - Stopped by Carter Hutton with a rebound.
12:27 of 2nd period - Snap shot by Anthony Mantha.
12:27 of 2nd period - Stopped by Carter Hutton with a rebound.
12:29 of 2nd period - Slapshot by Dougie Hamilton.
12:29 of 2nd period - Goal by Dougie Hamilton - Jets : 3 - Kings : 1.
12:30 of 2nd period - Ryan Johansen wins face-off versus Auston Matthews in neutral zone.
12:51 of 2nd period - Jared Cowen is hit by Marco Scandella.
14:26 of 2nd period - Snap shot by Aaron Ekblad.
14:26 of 2nd period - Stopped by Jacob Markstrom with a rebound.
14:28 of 2nd period - Slapshot by Pierre-Edouard Bellemare.
14:28 of 2nd period - Stopped by Jacob Markstrom with a rebound.
14:30 of 2nd period - Slapshot by Aaron Ekblad.
14:30 of 2nd period - Stopped by Jacob Markstrom without a rebound.
14:31 of 2nd period - Alexander Wennberg wins face-off versus Joe Pavelski in Jets zone.
14:52 of 2nd period - Pavel Zacha is hit by Ryan Murray.
14:58 of 2nd period - Ryan Murray is hit by Pierre-Edouard Bellemare and loses puck.
15:07 of 2nd period - Wrist shot by Alexander Wennberg.
15:07 of 2nd period - Stopped by Carter Hutton with a rebound.
15:35 of 2nd period - Snap shot by Joe Pavelski.
15:35 of 2nd period - Shot Blocked by Tyler Toffoli.
15:37 of 2nd period - Wrist shot by Pavel Zacha.
15:37 of 2nd period - Shot Blocked by Adam Larsson.
15:39 of 2nd period - Slapshot by Quinn Hughes.
15:39 of 2nd period - Shot Blocked by Marco Scandella.
15:41 of 2nd period - Slapshot by Pierre-Edouard Bellemare.
15:41 of 2nd period - Stopped by Jacob Markstrom with a rebound.
15:43 of 2nd period - Slapshot by Pierre-Edouard Bellemare.
15:43 of 2nd period - Kings goal is going for a video replay.
15:43 of 2nd period - The goal is refused. The attacking player has interfered with a goalkeeper in his goal crease..
15:44 of 2nd period - Ryan Johansen wins face-off versus Auston Matthews in Jets zone.
15:54 of 2nd period - Wrist shot by Ryan Johansen.
15:54 of 2nd period - Shot Misses the Net.
15:56 of 2nd period - Wrist shot by Ryan Johansen.
15:56 of 2nd period - Shot Misses the Net.
16:00 of 2nd period - Slapshot by Viktor Arvidsson.
16:00 of 2nd period - Stopped by Carter Hutton without a rebound.
16:01 of 2nd period - Brayden Schenn wins face-off versus Max Domi in Kings zone.
16:36 of 2nd period - Minor Penalty to Adam Fox for High sticking.
16:37 of 2nd period - Joe Pavelski wins face-off versus Ryan Johansen in Kings zone.
16:49 of 2nd period - Backhand shot by Tyler Toffoli.
16:49 of 2nd period - Shot Misses the Net.
18:36 of 2nd period - Penalty to Adam Fox is over, Adam Fox is back on ice.
19:06 of 2nd period - Ryan Murray is hit by Zac Rinaldo and loses puck.
19:19 of 2nd period - Adam Larsson is hit by Chris Kreider.
19:46 of 2nd period - Minor Penalty to Nathan Walker for Cross-checking.
19:47 of 2nd period - Auston Matthews wins face-off versus Alexander Wennberg in Jets zone.
Goals for this period are 2 for Jets vs 0 for Kings.
Shots for this period are 13 for Jets vs 16 for Kings.
3rd period
0:01 of 3rd period - Auston Matthews wins face-off versus Alexander Wennberg in neutral zone.
0:08 of 3rd period - Snap shot by Nikita Kucherov.
0:08 of 3rd period - Shot Misses the Net.
0:10 of 3rd period - Slapshot by Mitch Marner.
0:10 of 3rd period - Stopped by Jacob Markstrom with a rebound.
0:32 of 3rd period - Dougie Hamilton is hit by Adam Fox and loses puck.
1:46 of 3rd period - Penalty to Nathan Walker is over, Nathan Walker is back on ice.
1:57 of 3rd period - Snap shot by Alex Galchenyuk.
1:57 of 3rd period - Shot Blocked by Sean Bergenheim.
2:32 of 3rd period - Snap shot by Tyler Toffoli.
2:32 of 3rd period - Shot Misses the Net.
2:47 of 3rd period - Philip Samuelsson is hit by Ryan Murray.
2:57 of 3rd period - Nikita Kucherov is hit by Noel Acciari and loses puck.
3:18 of 3rd period - Double Minor Penalty to Jared Cowen for Roughing.
3:19 of 3rd period - Ryan Johansen wins face-off versus Joe Pavelski in Kings zone.
3:30 of 3rd period - Wrist shot by Ryan Johansen.
3:30 of 3rd period - Shot Misses the Net.
3:55 of 3rd period - Slapshot by Sam Reinhart.
3:55 of 3rd period - Stopped by Carter Hutton without a rebound.
3:56 of 3rd period - Ryan Johansen wins face-off versus Pierre-Edouard Bellemare in Kings zone.
4:05 of 3rd period - Slapshot by Alex Galchenyuk.
4:05 of 3rd period - Shot Blocked by Aaron Ekblad.
4:31 of 3rd period - Philip Samuelsson is hit by Max Domi and loses puck.
5:06 of 3rd period - Alex Galchenyuk is hit by Pierre-Edouard Bellemare and loses puck.
5:56 of 3rd period - Joe Pavelski is hit by Tyler Toffoli and loses puck.
6:25 of 3rd period - Slapshot by Viktor Arvidsson.
6:25 of 3rd period - Stopped by Carter Hutton with a rebound.
6:27 of 3rd period - Wrist shot by Frank Vatrano.
6:27 of 3rd period - Stopped by Carter Hutton without a rebound.
6:28 of 3rd period - Joe Pavelski wins face-off versus Viktor Arvidsson in Kings zone.
6:43 of 3rd period - Zac Rinaldo is hit by Dougie Hamilton and loses puck.
7:18 of 3rd period - Penalty to Jared Cowen is over, Jared Cowen is back on ice.
7:39 of 3rd period - Nikita Kucherov is hit by Noel Acciari and loses puck.
8:55 of 3rd period - Ryan Murray is hit by Mitch Marner and loses puck.
10:07 of 3rd period - Wrist shot by Alexander Wennberg.
10:07 of 3rd period - Stopped by Carter Hutton with a rebound.
10:46 of 3rd period - Slapshot by Chris Kreider.
10:46 of 3rd period - Goal by Chris Kreider - Jets : 3 - Kings : 2.
10:47 of 3rd period - Auston Matthews wins face-off versus Ryan Johansen in neutral zone.
11:37 of 3rd period - Snap shot by Quinn Hughes.
11:37 of 3rd period - Deflect By Tyler Toffoli.
11:37 of 3rd period - Stopped by Jacob Markstrom with a rebound.
12:07 of 3rd period - Nathan Walker is hit by Matthew Tkachuk.
12:49 of 3rd period - Wrist shot by Brayden Schenn.
12:49 of 3rd period - Shot Blocked by Max Domi.
12:51 of 3rd period - Snap shot by Philip Samuelsson.
12:51 of 3rd period - Stopped by Jacob Markstrom without a rebound.
12:52 of 3rd period - Max Domi wins face-off versus Brayden Schenn in Jets zone.
13:23 of 3rd period - Slapshot by Aaron Ekblad.
13:23 of 3rd period - Shot Blocked by Ryan Murray.
13:26 of 3rd period - Icing by Anthony Mantha.
13:27 of 3rd period - Ryan Johansen wins face-off versus Auston Matthews in Jets zone.
13:27 of 3rd period - Ryan Johansen is hit by Adam Fox.
13:55 of 3rd period - Slapshot by Jared Cowen.
13:55 of 3rd period - Deflect By Chris Kreider.
13:55 of 3rd period - Stopped by Jacob Markstrom with a rebound.
14:05 of 3rd period - Snap shot by Viktor Arvidsson.
14:05 of 3rd period - Stopped by Carter Hutton with a rebound.
14:09 of 3rd period - Wrist shot by Anthony Mantha.
14:09 of 3rd period - Shot Misses the Net.
14:11 of 3rd period - Wrist shot by Anthony Mantha.
14:11 of 3rd period - Deflect By Viktor Arvidsson.
14:11 of 3rd period - Shot Blocked by Matthew Tkachuk.
14:11 of 3rd period - Puck is out of play.
14:12 of 3rd period - Max Domi wins face-off versus Mitch Marner in Kings zone.
14:15 of 3rd period - Wrist shot by Tyler Seguin.
14:15 of 3rd period - Shot Blocked by Marc Staal.
14:27 of 3rd period - Snap shot by Nikita Kucherov.
14:27 of 3rd period - Shot Misses the Net.
14:35 of 3rd period - Minor Penalty to Erik Cernak for Hooking.
14:36 of 3rd period - Auston Matthews wins face-off versus Alexander Wennberg in Jets zone.
14:41 of 3rd period - Wrist shot by Nikita Kucherov.
14:41 of 3rd period - Stopped by Jacob Markstrom with a rebound.
14:43 of 3rd period - Slapshot by Adam Fox.
14:43 of 3rd period - Stopped by Jacob Markstrom with a rebound.
14:45 of 3rd period - Slapshot by Quinn Hughes.
14:45 of 3rd period - Deflect By Mitch Marner.
14:45 of 3rd period - Shot Blocked by Adam Larsson.
14:45 of 3rd period - Puck is out of play.
14:46 of 3rd period - Alexander Wennberg wins face-off versus Auston Matthews in Jets zone.
15:07 of 3rd period - Auston Matthews is hit by Adam Larsson and loses puck.
15:36 of 3rd period - Slapshot by Noel Acciari.
15:36 of 3rd period - Shot Misses the Net.
16:08 of 3rd period - Snap shot by Mitch Marner.
16:08 of 3rd period - Stopped by Jacob Markstrom without a rebound.
16:09 of 3rd period - Anthony Mantha wins face-off versus Brayden Schenn in Jets zone.
16:35 of 3rd period - Penalty to Erik Cernak is over, Erik Cernak is back on ice.
16:42 of 3rd period - Snap shot by Zac Rinaldo.
16:42 of 3rd period - Shot Misses the Net.
16:44 of 3rd period - Snap shot by Zac Rinaldo.
16:44 of 3rd period - Shot Blocked by Adam Larsson.
16:46 of 3rd period - Slapshot by Chris Kreider.
16:46 of 3rd period - Stopped by Jacob Markstrom without a rebound.
16:47 of 3rd period - Pierre-Edouard Bellemare wins face-off versus Max Domi in Jets zone.
16:48 of 3rd period - Slapshot by Philip Samuelsson.
16:48 of 3rd period - Shot Misses the Net.
17:12 of 3rd period - Wrist shot by Alex Galchenyuk.
17:12 of 3rd period - Stopped by Carter Hutton without a rebound.
17:13 of 3rd period - Alexander Wennberg wins face-off versus Chris Kreider in Kings zone.
18:44 of 3rd period - Slapshot by Alexander Wennberg.
18:44 of 3rd period - Stopped by Carter Hutton with a rebound.
19:54 of 3rd period - Snap shot by Sam Reinhart.
19:54 of 3rd period - Shot Misses the Net.
19:56 of 3rd period - Snap shot by Sam Reinhart.
19:56 of 3rd period - Stopped by Carter Hutton with a rebound.
19:58 of 3rd period - Backhand shot by Tyler Toffoli.
19:58 of 3rd period - Stopped by Carter Hutton with a rebound.
Goals for this period are 0 for Jets vs 1 for Kings.
Shots for this period are 9 for Jets vs 9 for Kings.